 Dungeon Crawl Stone Soup version 0.31-a0-102-g33a4ccc0cb (webtiles) character file.

Game seed: 10092743431943223193

21 AlmostDecent the Magician (level 3, 25/25 HPs)
             Began as a Djinni Conjurer on May 26, 2023.
             Quit the game on level 1 of the Dungeon.
             The game lasted 00:02:27 (958 turns).

AlmostDecent the Magician (Djinni Conjurer)          Turns: 958, Time: 00:02:28

Health: 25/25      AC:  2    Str:  6    XL:     3   Next: 2%
Gold:   92         EV: 12    Int: 21    God:
                   SH:  0    Dex: 11

rFire   + + .        f - +0 short sword
rCold   x . .        (no shield)
rNeg    . . .        a - +0 robe
rPois   ∞            (no helmet)
rElec   .            (no cloak)
rCorr   .            (no gloves)
SInv    .            (boots unavailable)
Will    .....        (no amulet)
Stlth   ++           (no ring)
HPRegen 0.24/turn    (no ring)
MPRegen 0.00/turn

%: no passive effects
@: flying
A: sickness immunity, fire resistance 2, cold vulnerability 1, float, innate
caster, HP casting, extra vitality 1
a: no special abilities


You were on level 1 of the Dungeon.
You visited 1 branch of the dungeon, and saw 1 of its levels.

You collected 92 gold pieces.

Inventory:

Hand Weapons
 f - a +0 short sword (weapon)
Armour
 a - a +0 robe (worn)
 g - a +0 cloak
Scrolls
 b - a scroll of identify {unknown}
Potions
 c - 2 potions of curing {unknown}
 d - 2 potions of ambrosia {unknown}
 e - a potion of heal wounds {unknown}


   Skills:
 + Level 2.8 Dodging
 + Level 2.0 Stealth
 * Level 3.5 Spellcasting
 * Level 3.5 Conjurations
 * Level 3.5 Hexes
 * Level 3.5 Summonings
 * Level 3.5 Necromancy
 * Level 3.5 Translocations
 * Level 3.5 Transmutations
 * Level 3.5 Fire Magic
 * Level 3.5 Ice Magic
 * Level 3.5 Air Magic
 * Level 3.5 Earth Magic
 * Level 3.5 Poison Magic


You knew the following spells:

 Your Spells              Type           Power      Damage    Failure   Level
a - Magic Dart            Conj           72%        1d6       3%          1
b - Searing Ray           Conj           36%        2d5       4%          2
c - Dazzling Flash        Conj/Hex       32%        N/A       11%         3
d - Fulminant Prism       Conj/Hex       8%         3d6       34%         4
e - Iskenderun's Mystic   Conj/Tloc      16%        2d5       34%         4
f - Apportation           Tloc           36%        N/A       3%          1
Your spell library was empty.

Dungeon Overview and Level Annotations

Branches:
Dungeon (1/15)

Altars:


Innate Abilities, Weirdness & Mutations

You are immune to sickness and miasma.
You are immune to poison.
Your flesh is very heat resistant. (rF++)
You are vulnerable to cold. (rC-)
You float through the air rather than walking.
You learn spells naturally, not from books.
Your magical power is your life essence.
You have superior vitality. (+4 MHP)


Message History

You kill the endoplasm!
You can't see any susceptible monsters within range! (Use Z to cast anyway.)
Found 6 poisoned darts.
You see here 6 poisoned darts.
You see here 6 poisoned darts.
You see here a dart slug corpse.
There is an open door here.
Things that are here:
4 stones; a kobold skeleton
Things that are here:
a +0 dagger; 5 stones You reach down and open the door.
There is an open door here.
There is an open door here.
Found a cloak.
Found a faded altar of an unknown god.
You now have 92 gold pieces (gained 11).
You see here a +0 cloak.
g - a +0 cloak
There is a faded altar of an unknown god here.
This altar belongs to (a) Qazlal, (b) the Shining One or (c) Dithmenos, but you can't tell which.
Press the corresponding letter to learn more about a god, or press enter to convert or escape to cancel.
Okay, then.
A goblin comes into view. It is wielding a +0 club.
The magic dart hits the goblin.
You kill the goblin!
You have reached level 3!
Your experience leads to an increase in your attributes!
Increase (S)trength, (I)ntelligence, or (D)exterity?
You feel clever. x2
The power to cast Apportation wells up from within.
Spell assigned to 'f'.
You see here a +0 club.
There is an open door here.
There is a stone staircase leading down here.
There is an open door here.
As you open the door, it creaks loudly!
There is an open door here.
Done exploring.
Done exploring.
Are you sure you want to abandon this character and quit the game? (Confirm with "yes".)

##### ##########
#...###.......@#########
#..........###.##>.....#
###...###.##.###.#.#.###.#
#.......#.##......###.##.# ###
#.##.##.#.####.....#.###.#####.##
#.##.##.#.#####...#.## #......#.#
#.##.##.#........#### #######.##
#.##.##.########.# #.# #.##.##.#
#.# #.#


There were no monsters in sight!

Vanquished Creatures
  A dart slug (D:1)
  2 ball pythons (D:1)
  An endoplasm (D:1)
  A giant cockroach (D:1)
  2 goblins (D:1)
  3 hobgoblins (D:1)
  5 kobolds (D:1)
  2 rats (D:1)
17 creatures vanquished.

Notes
Turn   | Place    | Note
-------+----------+-------------------------------------------
     0 | D:1      | AlmostDecent the Djinni Conjurer began the quest for the
                  | Orb.
     0 | D:1      | AlmostDecent set off with the following spells memorised:
                  | Magic Dart, Searing Ray, Dazzling Flash, Fulminant Prism,
                  | Iskenderun's Mystic Blast.
     0 | D:1      | Reached XP level 1. HP: 15/15 MP: 0/0
   137 | D:1      | Reached XP level 2. HP: 18/21 MP: 0/0
   807 | D:1      | Found a faded altar of an unknown god.
   860 | D:1      | Reached XP level 3. HP: 24/25 MP: 0/0
   860 | D:1      | Learned a level 1 spell: Apportation
   958 | D:1      | Quit the game

Illustrated notes

Levels and vault maps discovered:
D:1:      roderic_dead_forest, layout_loops_corners, basic_ecumenical_altar

Skill      XL: |  1  2 |
---------------+-------+-----
Stealth        | 2 |  2.0
Dodging        | |  2.8
Spellcasting   | |  3.5
Conjurations   | |  3.5
Hexes          | |  3.5
Summonings     | |  3.5
Necromancy     | |  3.5
Translocations | |  3.5
Transmutations | |  3.5
Fire Magic     | |  3.5
Ice Magic      | |  3.5
Air Magic      | |  3.5
Earth Magic    | |  3.5
Poison Magic   | |  3.5

Action                     || total
---------------------------++-------
   Cast: Magic Dart        ||    33
  Dodge: Dodged            ||     1

Table legend: (Time is in decaauts)
 A = Elapsed time spent in this place.
 B = Non-inter-level travel time spent in this place.
 C = Inter-level travel time spent in this place.
 D = Time resting spent in this place.
 E = Time spent auto-exploring this place.
 F = Levels seen in this place.
 G = Mean time per level.
                   A        B        C        D        E       F      G
               +--------+--------+--------+--------+--------+-----+--------+
         Total |    957 |    957 |      0 |      0 |    870 |   1 |  957.0 |
       Dungeon |    957 |    957 |      0 |      0 |    870 |   1 |  957.0 |
               +--------+--------+--------+--------+--------+-----+--------+

Top non-repeatable levels by time:
     D:1: 957 daAuts
